 Dungeon Crawl Stone Soup version 0.22-a0-609-gfedc9ff (webtiles) character file.

436 sking99 the Insei (level 7, -4/45 HPs)
             Began as an Octopode Transmuter on July 10, 2018.
             Was a High Priest of Ru.
             Shot with an arrow by a centaur (17 damage)
             ... on level 5 of the Dungeon.
             The game lasted 00:13:02 (5018 turns).

sking99 the Insei (Octopode Transmuter)             Turns: 5018, Time: 00:13:03

Health: -4/45      AC:  2    Str:  9    XL:     7   Next: 1%
Magic:  8/11       EV: 20    Int: 16    God:    Ru [*****.]
Gold:   271        SH:  0    Dex: 19    Spells: 6/12 levels left

rFire    . . .     SeeInvis .     - Unarmed
rCold    . . .     Gourm    .   (helmet currently unavailable)
rNeg     + . .     Faith    .   (no amulet)
rPois    x         Spirit   .   b - ring of positive energy
rElec    .         Reflect  .   (no ring)
rCorr    .         Harm     .   (no ring)
MR       .....                  (no ring)
Stlth    ++........             (no ring)
HPRegen  0.15/turn              (no ring)
MPRegen  0.12/turn              (no ring)

@: spider-form
A: tiny, almost no armour, stealthy swim, (amphibious), 7 rings, (constrict 7),
missing a hand, inexperienced 1
a: End Transformation, Draw Out Power, Power Leap, Apocalypse, Renounce Religion


You were on level 5 of the Dungeon.
You worshipped Ru.
Ru was extremely pleased with you.
You were hungry.
You were a venomous arachnid creature.
You visited 1 branch of the dungeon, and saw 5 of its levels.

You collected 271 gold pieces.

Inventory:

Missiles
 a - 41 arrows
Jewellery
 b - a ring of positive energy (left front leg)
Scrolls
 h - 6 scrolls of remove curse
 i - a scroll of teleportation
 j - 2 scrolls of blinking
Potions
 d - a potion of haste
 e - a potion of flight
 g - a potion of heal wounds
 k - a potion of lignification
 m - a potion of might
Comestibles
 c - 7 rations


   Skills:
 + Level 2.1 Fighting
 - Level 2.0 Dodging
 * Level 5.9 Unarmed Combat
 - Level 3.0 Spellcasting
 + Level 4.0 Transmutations
 - Level 2.1 Poison Magic


You had 6 spell levels left.
You knew the following spells:

 Your Spells              Type           Power        Failure   Level  Hunger
a - Beastly Appendage     Tmut           ###...       12%         1    #......
b - Sticks to Snakes      Tmut           ###.....     16%         2    ##.....
c - Spider Form           Tmut/Pois      ##........   34%         3    ###....

Your spell library contained the following spells:

 Spells                   Type           Power        Failure   Level  Hunger
 Blade Hands              Tmut           ###.......   86%         5    ######.
 Ice Form                 Ice/Tmut       #.......     82%         4    #####..


Dungeon Overview and Level Annotations

Branches:
Dungeon (5/15)
 Temple: D:4-7

Altars:
Gozag
Ru

Shops:
D:4 (


Innate Abilities, Weirdness & Mutations

You cannot wear most types of armour.
You are very stealthy in the water. (Stealth+)
((You are amphibious.))
You can wear up to seven rings at the same time.
((You can use your tentacles to constrict seven enemies at once.))
((Your skin changes colour to match your surroundings (Stealth+).))
((Your rubbery body absorbs attacks. (AC +1, EV +1)))
You are missing a hand.
You are somewhat inexperienced. (-2 XL)


Message History

The orc shouts!
You bite the orc priest!
The orc priest is poisoned.
The orc priest is severely wounded.
The centaur shouts!
The orc priest misses you.
The centaur wields a shortbow.
The centaur shoots an arrow.
The arrow hits you!
You bite the orc priest!
You kill the orc priest!
You have reached level 7!
An adder comes into view.
An orc wizard comes into view. It is wielding a dagger.
An adder skeleton comes into view.
The centaur shoots an arrow.
The arrow hits you!
You see here an arrow.
The centaur shoots an arrow.
The arrow misses you.
You see here an arrow.
The orc hits you.
* * * LOW HITPOINT WARNING * * *
The centaur shoots an arrow.
The arrow hits you!
You die...

#. ##.#.........
. #..###...####
#. #.###..#.# #..
##.....##.# #
#.########...####
.. #..........###
...
..####..###.###
##.#
#...o.)(o.(.# ..
≈......S.s###
≈≈≈≈...#..Z......
...≈..##.c(<.....
._.... #......$..
...≈.. #.........
≈≈≈≈. #.....)...
≈.... ..........
#.........


You could see a centaur, an orc wizard, an adder, an orc and an adder skeleton.

Vanquished Creatures
  An ogre (D:4)
  A phantom (D:5)
  A bullfrog zombie (D:5)
  4 orc priests
  Jessica (D:2)
  2 orc wizards (D:3)
  4 adders
  5 dart slugs
  2 leopard geckos
  12 orcs
  7 bats
  6 giant cockroaches
  5 goblins
  6 hobgoblins (D:1)
  4 jackals
  A quokka (D:3)
  A ball python (D:3)
  5 frilled lizards
  6 kobolds
  6 rats
80 creatures vanquished.

Vanquished Creatures (others)
  4 toadstools (D:1)
4 creatures vanquished.

Grand Total: 84 creatures vanquished

Notes
Turn   | Place    | Note
-------+----------+-------------------------------------------
     0 | D:1      | sking99 the Octopode Transmuter began the quest for the Orb.
     0 | D:1      | Reached XP level 1. HP: 13/13 MP: 3/3
   230 | D:1      | Reached XP level 2. HP: 14/18 MP: 3/5
   243 | D:1      | You fall through a shaft!
   259 | D:2      | Learned a level 2 spell: Sticks to Snakes
   296 | D:2      | Found a sacrificial altar of Ru.
   305 | D:2      | Became a worshipper of Ru the Awakened
   572 | D:2      | Noticed Jessica
   578 | D:2      | Killed Jessica
   578 | D:2      | Reached XP level 3. HP: 14/24 MP: 2/6
   701 | D:2      | Learned a level 3 spell: Spider Form
  1190 | D:1      | Reached XP level 4. HP: 29/29 MP: 7/7
  1678 | D:2      | Reached skill level 4 in Unarmed Combat
  1925 | D:2      | Reached skill level 1 in Poison Magic
  2057 | D:2      | Gained mutation: You are somewhat inexperienced. (-2 XL) [Ru sacrifice]
  2057 | D:2      | Reached XP level 3. HP: 24/24 MP: 6/6
  2057 | D:2      | Reached XP level 2. HP: 19/19 MP: 5/5
  2057 | D:2      | Reached * piety under Ru
  2057 | D:2      | Reached ** piety under Ru
  2395 | D:3      | Reached XP level 3. HP: 22/24 MP: 2/6
  2737 | D:2      | Reached XP level 4. HP: 20/29 MP: 0/7
  3298 | D:3      | Reached XP level 5. HP: 34/34 MP: 4/8
  3745 | D:4      | Found Zocics's Weapon Emporium.
  3778 | D:4      | Noticed an ogre
  3792 | D:4      | Killed an ogre
  3792 | D:4      | Reached skill level 5 in Unarmed Combat
  3792 | D:4      | Reached XP level 6. HP: 34/39 MP: 3/10
  4347 | D:4      | Gained mutation: You are missing a hand. [Ru sacrifice]
  4347 | D:4      | Reached *** piety under Ru
  4347 | D:4      | Reached **** piety under Ru
  4347 | D:4      | Reached ***** piety under Ru
  4557 | D:5      | Entered Level 5 of the Dungeon
  4799 | D:5      | Noticed a phantom
  4814 | D:5      | Killed a phantom
  5011 | D:5      | Found an opulent altar of Gozag.
  5014 | D:5      | Reached XP level 7. HP: 30/45 MP: 7/11
  5018 | D:5      | Shot with an arrow by a centaur

Vault maps used:
D:1:      ldierk_walled_garden_2, minmay_tetromino_t2
D:2:      nicolae_ru_sacrificial_ziggurat, uniq_jessica
D:3:      kennysheep_big_flooded_room
D:4:      first_ration, serial_shops, shop_coins
D:5:      cheibrodos_quashed, nicolae_gozag_zags_fifth_avenue

Skill      XL: |  1  2  3  4  5  6 |
---------------+-------------------+-----
Fighting       | 2 |  2.1
Unarmed Combat | 4 5 |  5.9
Poison Magic   | 1 2 |  2.1
Transmutations | 3 4 |  4.0
Spellcasting   | 3 |  3.0
Dodging        | |  2.0

Action                   |  1- 3 |  4- 6 |  7- 9 || total
-------------------------+-------+-------+-------++-------
Melee: Unarmed           |    90 |   103 |       ||   193
       Constrict         |    18 |     6 |       ||    24
       Kick              |     9 |     1 |       ||    10
       Tentacles         |     9 |     4 |       ||    13
       Punch             |     1 |       |       ||     1
 Cast: Beastly Appendage |     9 |     3 |       ||    12
       Spider Form       |     7 |    14 |       ||    21
       Sticks to Snakes  |     1 |     3 |       ||     4
Invok: Sacrifice Experie |     1 |       |       ||     1
       Sacrifice a Hand  |       |     1 |       ||     1
  Use: Scroll            |     3 |    10 |       ||    13
 Stab: Sleeping          |     8 |       |       ||     8
       Invisible         |       |     1 |       ||     1
  Eat: Chunk             |     5 |    11 |       ||    16
Armor: Skin              |     6 |     5 |       ||    11
Dodge: Dodged            |    51 |    73 |     1 ||   125

Table legend:
 A = Spawn XP
 B = Non-spawn XP
 C = Spawn XP percentage of total XP
 D = Spawn monster count
 E = Non-spawn monster count
 F = Spawn count percentage of total count
 G = Total turns spent on level
                    A         B        C        D         E        F      G
               +---------+---------+-------+---------+---------+-------+---------
         Total |       0 |     725 |   0.0 |       0 |      80 |   0.0 |  5018
               +---------+---------+-------+---------+---------+-------+---------
           D:1 |       0 |      46 |   0.0 |       0 |      21 |   0.0 |  1127
           D:2 |       0 |     126 |   0.0 |       0 |      17 |   0.0 |  1680
           D:3 |       0 |     177 |   0.0 |       0 |      29 |   0.0 |   921
           D:4 |       0 |     112 |   0.0 |       0 |       4 |   0.0 |   829
           D:5 |       0 |     264 |   0.0 |       0 |       9 |   0.0 |   461
               +---------+---------+-------+---------+---------+-------+---------
